[Event "IOM Open-Masters 2017"]
[Site "Douglas"]
[Date "2017.09.24"]
[Round "2"]
[White "Prueske, Wolfgang"]
[Black "Kavutskiy, Konstantin"]
[Result "0-1"]
[ECO "A00"]
[WhiteElo "2046"]
[BlackElo "2390"]
[Annotator "ChessBase"]
[PlyCount "130"]
[EventDate "2017.??.??"]
[EventType "swiss"]
[EventCountry "GBR"]
[SourceTitle "playchess.com"]
[Source "ChessBase"]
[SourceQuality "1"]
[TimeControl "40/6000+30:20/3000+30:900+30"]

1. e4 c5 2. Nf3 e6 3. g3 Nc6 4. Bg2 Nf6 5. Qe2 e5 6. O-O Be7 7. c3 O-O 8. d3 Re8 9. Na3 h6 10. Nc2 Bf8 11. Ne3 d5 12. exd5 Nxd5 13. Nxd5 Qxd5 14. Nd2 Qd8 15. Nc4 Bf5 16. Be4 Qd7 17. Ne3 Bh3 18. Rd1 f5 19. Bf3 Rad8 20. b3 g6 21. Bb2 b5 22. Qc2 Bg7 23. a4 b4 24. cxb4 Nd4 25. Bxd4 cxd4 26. Nc4 e4 27. Bg2 Bxg2 28. Kxg2 Qb7 29. Kg1 Qxb4 30. Rab1 Qc3 31. Qe2 exd3 32. Qf3 d2 33. Nxd2 d3 34. Rbc1 Qb2 35. Rb1 Qe5 36. Nc4 Qe4 37. Qxe4 fxe4 38. Ne3 Bd4 39. b4 Bxe3 40. fxe3 Rc8 41. b5 Rc4 42. a5 Rb8 43. Rb2 Ra4 44. b6 Rxa5 45. b7 Rc5 46. Kf1 a5 47. Ke1 Kf7 48. Kd2 Ke6 49. Ra1 Rc7 50. Ra4 Rcxb7 51. Rxe4+ Kd5 52. Rd4+ Kc5 53. Rxb7 Rxb7 54. Kxd3 Rb3+ 55. Ke4 Rb4 56. Ke5 a4 57. Rd8 Kc4 58. Ra8 Kb3 59. e4 a3 60. Kd5 a2 61. Rxa2 Kxa2 62. e5 Rb2 63. e6 Rxh2 64. e7 Re2 65. Kd6 h5 0-1

[Event "IOM Open-Masters 2017"]
[Site "Douglas"]
[Date "2017.09.24"]
[Round "2"]
[White "Mai, Aron Thor"]
[Black "Hemant, Sharma (del)"]
[Result "1/2-1/2"]
[ECO "A00"]
[WhiteElo "2038"]
[BlackElo "2342"]
[Annotator "ChessBase"]
[PlyCount "100"]
[EventDate "2017.??.??"]
[EventType "swiss"]
[EventCountry "GBR"]
[SourceTitle "playchess.com"]
[Source "ChessBase"]
[SourceQuality "1"]
[TimeControl "40/6000+30:20/3000+30:900+30"]

1. e4 c5 2. d3 Nc6 3. Be2 g6 4. f4 Bg7 5. Nf3 d6 6. O-O e6 7. Qe1 Nge7 8. Kh1 O-O 9. Qh4 f5 10. Ng5 h6 11. Nh3 b5 12. Nd2 Bb7 13. c3 Rf7 14. Nf3 Qd7 15. Qg3 b4 16. Bd2 Ba6 17. e5 bxc3 18. Bxc3 dxe5 19. Nxe5 Nxe5 20. Bxe5 Nc6 21. Qxg6 Nxe5 22. fxe5 Rb8 23. Nf4 Rxb2 24. Bf3 Rb6 25. Rab1 Bxd3 26. Rxb6 axb6 27. Rd1 c4 28. Nd5 f4 29. Rxd3 cxd3 30. Nf6+ Rxf6 31. exf6 d2 32. Qxg7+ Qxg7 33. fxg7 e5 34. Kg1 e4 35. Bd1 Kxg7 36. Kf2 Kf6 37. Ke2 e3 38. Kf3 Ke5 39. g4 fxg3 40. hxg3 Kd4 41. Ke2 Ke4 42. Bc2+ Kd4 43. Bb3 Ke4 44. Ba4 Kd4 45. Bc6 Kc3 46. Ba4 Kd4 47. Bc2 Kc3 48. Bb3 Kd4 49. Bd1 Ke4 50. Ba4 Kd4 1/2-1/2

[Event "IOM Open-Masters 2017"]
[Site "Douglas"]
[Date "2017.09.24"]
[Round "2"]
[White "Zahn, Alina"]
[Black "Ragnarsson, Dagur"]
[Result "1/2-1/2"]
[ECO "A00"]
[WhiteElo "2025"]
[BlackElo "2340"]
[Annotator "ChessBase"]
[PlyCount "80"]
[EventDate "2017.??.??"]
[EventType "swiss"]
[EventCountry "GBR"]
[SourceTitle "playchess.com"]
[Source "ChessBase"]
[SourceQuality "1"]
[TimeControl "40/6000+30:20/3000+30:900+30"]

1. e4 e6 2. d4 d5 3. Bd3 dxe4 4. Bxe4 Nf6 5. Bf3 c5 6. Ne2 Qb6 7. O-O Bd7 8. Nbc3 cxd4 9. Nxd4 Bc5 10. Nb3 Bd6 11. g3 O-O 12. Be3 Qc7 13. Qd3 a6 14. Rfd1 Be7 15. Bf4 e5 16. Bg5 Bc6 17. Bxf6 Bxf6 18. Nd5 Bxd5 19. Qxd5 Nc6 20. Qe4 Rfd8 21. Rxd8+ Rxd8 22. Rd1 Be7 23. Rxd8+ Nxd8 24. c3 g6 25. Nd2 b5 26. Qd5 Kg7 27. Be2 f5 28. a4 bxa4 29. Bxa6 a3 30. bxa3 Qxc3 31. Nc4 Nf7 32. Bb5 e4 33. a4 Bf6 34. Nd6 Ng5 35. Ne8+ Kh6 36. Nxf6 Qxf6 37. Qd2 Kg7 38. Qd7+ Kh6 39. Qd2 Kg7 40. Qd7+ Kh6 1/2-1/2

[Event "IOM Open-Masters 2017"]
[Site "Douglas"]
[Date "2017.09.24"]
[Round "2"]
[White "Birkisson, Bjorn Holm"]
[Black "Vaishali, R."]
[Result "0-1"]
[ECO "A00"]
[WhiteElo "2023"]
[BlackElo "2329"]
[Annotator "ChessBase"]
[PlyCount "62"]
[EventDate "2017.??.??"]
[EventType "swiss"]
[EventCountry "GBR"]
[SourceTitle "playchess.com"]
[Source "ChessBase"]
[SourceQuality "1"]
[TimeControl "40/6000+30:20/3000+30:900+30"]

1. b3 e5 2. Bb2 Nc6 3. e3 Nf6 4. Bb5 Bd6 5. Na3 Na5 6. Be2 a6 7. Nf3 Qe7 8. Nb1 c5 9. d4 cxd4 10. exd4 e4 11. Ne5 O-O 12. O-O Bc7 13. Nc4 Nxc4 14. bxc4 b5 15. a4 b4 16. d5 Re8 17. Bd4 Qd6 18. g3 Bb6 19. Be3 a5 20. Nd2 Bxe3 21. fxe3 Qb6 22. Kf2 Re5 23. g4 d6 24. Nb3 h5 25. h3 Qd8 26. Nd4 hxg4 27. hxg4 Nxg4+ 28. Bxg4 Qh4+ 29. Kg2 Rg5 30. Rf5 Rxg4+ 31. Kf1 Bxf5 0-1

[Event "IOM Open-Masters 2017"]
[Site "Douglas"]
[Date "2017.09.24"]
[Round "2"]
[White "Frank, Tena"]
[Black "Kolbus, Dietmar"]
[Result "0-1"]
[ECO "A00"]
[WhiteElo "2002"]
[BlackElo "2320"]
[Annotator "ChessBase"]
[PlyCount "186"]
[EventDate "2017.??.??"]
[EventType "swiss"]
[EventCountry "GBR"]
[SourceTitle "playchess.com"]
[Source "ChessBase"]
[SourceQuality "1"]
[TimeControl "40/6000+30:20/3000+30:900+30"]

1. d4 Nf6 2. c4 g6 3. Nc3 d5 4. Nf3 Bg7 5. Qb3 dxc4 6. Qxc4 O-O 7. e4 c6 8. Bg5 b5 9. Qb3 Be6 10. Qc2 Qa5 11. Bd2 b4 12. e5 bxc3 13. Bxc3 Qb6 14. exf6 Bxf6 15. Be2 Bd5 16. O-O Nd7 17. Rfd1 Rfe8 18. b3 Bg7 19. Rac1 e6 20. Qd2 a5 21. Rc2 Reb8 22. Qf4 Qd8 23. Ng5 Nf6 24. Nf3 Ne4 25. Ne5 f6 26. Nf3 a4 27. Bc4 axb3 28. Bxb3 Bxb3 29. axb3 Qd5 30. b4 Nxc3 31. Rxc3 Rxb4 32. Qc1 Ra6 33. h3 Rba4 34. Rc5 Qd7 35. Qb2 Bf8 36. Rcc1 Rb4 37. Qe2 Rab6 38. Re1 Kf7 39. h4 Qd5 40. Ra1 Rb7 41. Ra6 Rb1 42. Ra1 Rxe1+ 43. Rxe1 Ra7 44. Qb2 Qb5 45. Qc2 Rc7 46. Qe4 Qf5 47. Qxf5 gxf5 48. g3 Bh6 49. Re2 Bf8 50. Kg2 Bd6 51. Nd2 Rb7 52. Nc4 Bc7 53. Rc2 Ke7 54. Kf3 Kd7 55. Ke2 Ra7 56. Kd3 Ra1 57. Ke2 h5 58. Kf3 Rd1 59. Ke3 f4+ 60. gxf4 Rh1 61. Nb2 Rxh4 62. Nd3 Bd6 63. f3 Rh1 64. Rg2 Rb1 65. Rg7+ Ke8 66. Rh7 Rb5 67. Rh8+ Kf7 68. Rh7+ Kg6 69. Rd7 Rd5 70. Rd8 c5 71. Re8 cxd4+ 72. Kf2 Kf7 73. Ra8 Bf8 74. Ra6 h4 75. Ra7+ Kg6 76. Ra8 Bh6 77. Rg8+ Bg7 78. f5+ Rxf5 79. Rd8 e5 80. Nc5 Rh5 81. Kg2 h3+ 82. Kh2 Bh6 83. Ne4 Bf4+ 84. Kh1 Rh7 85. Nf2 Kf5 86. Rf8 Bh6 87. Rg8 Be3 88. Ng4 Rh4 89. Rf8 Bg5 90. Kh2 Rxg4 91. fxg4+ Kxg4 92. Rh8 Bf4+ 93. Kh1 d3 0-1

[Event "IOM Open-Masters 2017"]
[Site "Douglas"]
[Date "2017.09.24"]
[Round "2"]
[White "Dahl, Baard"]
[Black "Mannion, Stephen R"]
[Result "1/2-1/2"]
[ECO "A00"]
[WhiteElo "1974"]
[BlackElo "2320"]
[Annotator "ChessBase"]
[PlyCount "66"]
[EventDate "2017.??.??"]
[EventType "swiss"]
[EventCountry "GBR"]
[SourceTitle "playchess.com"]
[Source "ChessBase"]
[SourceQuality "1"]
[TimeControl "40/6000+30:20/3000+30:900+30"]

1. e4 e5 2. Nf3 Nc6 3. Bb5 a6 4. Ba4 Nf6 5. O-O Be7 6. d3 b5 7. Bb3 d6 8. a3 Be6 9. Nc3 Bxb3 10. cxb3 O-O 11. Be3 Nb8 12. b4 Nbd7 13. d4 Rc8 14. h3 Re8 15. Re1 Bf8 16. Bg5 c6 17. Rc1 Qb6 18. Rc2 Qb7 19. Rd2 exd4 20. Nxd4 c5 21. bxc5 Rxc5 22. Bxf6 Nxf6 23. Nb3 Rcc8 24. Rd4 Qb6 25. Qd3 Rb8 26. Re2 a5 27. Nd2 b4 28. axb4 axb4 29. Nc4 Qa6 30. Nd5 Nxd5 31. Rxd5 Re6 32. Rd2 g6 33. b3 Qa1+ 1/2-1/2

[Event "IOM Open-Masters 2017"]
[Site "Douglas"]
[Date "2017.09.25"]
[Round "3"]
[White "Hemant, Sharma (del)"]
[Black "Bianco, Valerio"]
[Result "1-0"]
[ECO "A00"]
[WhiteElo "2342"]
[BlackElo "2086"]
[Annotator "NA"]
[PlyCount "103"]
[EventDate "2017.??.??"]
[EventType "swiss"]
[EventCountry "GBR"]
[SourceTitle "playchess.com"]
[Source "ChessBase"]
[SourceQuality "1"]
[TimeControl "40/6000+30:20/3000+30:900+30"]

1. c4 c5 2. Nc3 g6 3. g3 Bg7 4. Bg2 Nc6 5. a3 a6 6. Rb1 Rb8 7. b4 cxb4 8. axb4 b5 9. cxb5 axb5 10. Nf3 Nf6 11. O-O O-O 12. d4 d5 13. Ne5 Nxe5 14. dxe5 Ng4 15. Nxd5 Nxe5 16. Bg5 f6 17. Bf4 Be6 18. Rc1 Bxd5 19. Bxd5+ Kh8 20. Qb3 Rc8 21. Rc5 Qb6 22. Be3 Qb8 23. Be6 Rxc5 24. Bxc5 Nc6 25. Qd5 Qc7 26. Qd7 Qxd7 27. Bxd7 Nd4 28. Bxd4 Rd8 29. Rc1 Rxd7 30. Rc8+ Bf8 31. Bxf6+ Kg8 32. Bg5 Kf7 33. Be3 e6 34. Bc5 Bxc5 35. Rxc5 Rb7 36. Kg2 Kf6 37. Kf3 h6 38. Ke4 Rb6 39. f4 g5 40. fxg5+ hxg5 41. Kf3 Rb8 42. Kg4 Rh8 43. h3 Rd8 44. Rxb5 Rd4+ 45. Kh5 e5 46. g4 Rd6 47. Rc5 Rd2 48. Rc6+ Ke7 49. Kxg5 Rxe2 50. h4 e4 51. Kf4 e3 52. Rc3 1-0

[Event "IOM Open-Masters 2017"]
[Site "Douglas"]
[Date "2017.09.25"]
[Round "3"]
[White "Ragnarsson, Dagur"]
[Black "Dahl, Baard"]
[Result "1-0"]
[ECO "A00"]
[WhiteElo "2340"]
[BlackElo "1974"]
[Annotator "NA"]
[PlyCount "127"]
[EventDate "2017.??.??"]
[EventType "swiss"]
[EventCountry "GBR"]
[SourceTitle "playchess.com"]
[Source "ChessBase"]
[SourceQuality "1"]
[TimeControl "40/6000+30:20/3000+30:900+30"]

1. d4 Nf6 2. c4 g6 3. Nc3 d5 4. Bf4 Bg7 5. e3 O-O 6. Qb3 dxc4 7. Bxc4 Nc6 8. Be2 Na5 9. Qa3 Nc6 10. Nf3 a5 11. h3 Nb4 12. Rc1 Bf5 13. O-O c6 14. Rfd1 h6 15. g4 Bc2 16. Rd2 g5 17. Bg3 Bg6 18. Qb3 Re8 19. Ne5 Ne4 20. Nxe4 Bxe4 21. Qxf7+ Kh7 22. a3 Nd5 23. Bf3 Bxf3 24. Qg6+ Kg8 25. Nxf3 e6 26. Be5 Qe7 27. e4 Nf6 28. d5 exd5 29. exd5 Rad8 30. Bxf6 Qxf6 31. Qxf6 Bxf6 32. dxc6 Rxd2 33. Nxd2 bxc6 34. Rxc6 Bxb2 35. Nc4 Bd4 36. Rxh6 Re1+ 37. Kg2 Re2 38. Rg6+ Kh7 39. Rxg5 Rxf2+ 40. Kg3 Rc2 41. Rh5+ Kg6 42. Nxa5 Rc3+ 43. Kg2 Rxa3 44. Nc4 Rc3 45. Ne5+ Kg7 46. Rg5+ Kh7 47. h4 Bb6 48. Nf3 Bc7 49. Rf5 Kg7 50. g5 Bd8 51. h5 Ra3 52. Kh3 Ra4 53. g6 Bf6 54. Kg3 Rb4 55. Rf4 Rxf4 56. Kxf4 Kh6 57. Kg4 Bc3 58. Nh4 Kg7 59. Nf5+ Kf6 60. Ne3 Bb2 61. Nd5+ Kg7 62. Kf5 Bd4 63. Nf6 Bc3 64. Ng4 1-0

[Event "IOM Open-Masters 2017"]
[Site "Douglas"]
[Date "2017.09.25"]
[Round "3"]
[White "Rapport, Jovana"]
[Black "Zahn, Alina"]
[Result "1/2-1/2"]
[ECO "A00"]
[WhiteElo "2327"]
[BlackElo "2025"]
[Annotator "NA"]
[PlyCount "80"]
[EventDate "2017.??.??"]
[EventType "swiss"]
[EventCountry "GBR"]
[SourceTitle "playchess.com"]
[Source "ChessBase"]
[SourceQuality "1"]
[TimeControl "40/6000+30:20/3000+30:900+30"]

1. Nf3 d5 2. d4 Nf6 3. c4 e6 4. Nc3 Be7 5. cxd5 exd5 6. Bg5 Nbd7 7. e3 c6 8. Bd3 O-O 9. O-O Re8 10. Qc2 Nf8 11. Bxf6 Bxf6 12. b4 a6 13. a4 Be7 14. Rfb1 f6 15. a5 Bd6 16. Na4 Bg4 17. Nd2 Qc7 18. Nf1 Bh5 19. Rb2 Bg6 20. Rc1 Qf7 21. Bf5 Bxf5 22. Qxf5 Ne6 23. Nc5 Re7 24. f3 g6 25. Qc2 Rae8 26. Qf2 Ng7 27. Nd3 Nf5 28. Re1 Qf8 29. Rbe2 Qf7 30. g4 Ng7 31. Ng3 Ne6 32. f4 Nc7 33. h4 Nb5 34. Rc1 Kh8 35. g5 Qe6 36. Qf3 Qh3 37. Nf2 Qe6 38. Nd3 Qh3 39. Nf2 Qe6 40. Nd3 Qh3 1/2-1/2

[Event "IOM Open-Masters 2017"]
[Site "Douglas"]
[Date "2017.09.25"]
[Round "3"]
[White "Balint, Vilmos"]
[Black "Birkisson, Bardur Orn"]
[Result "0-1"]
[ECO "A00"]
[WhiteElo "2281"]
[BlackElo "2164"]
[Annotator "NA"]
[PlyCount "80"]
[EventDate "2017.??.??"]
[EventType "swiss"]
[EventCountry "GBR"]
[SourceTitle "playchess.com"]
[Source "ChessBase"]
[SourceQuality "1"]
[TimeControl "40/6000+30:20/3000+30:900+30"]

1. e4 e5 2. Nf3 Nc6 3. Bc4 Bc5 4. d3 Nf6 5. O-O d6 6. c3 Bb6 7. a4 a5 8. h3 h6 9. Na3 O-O 10. Ba2 Re8 11. Nc4 Ba7 12. Re1 Be6 13. Qc2 Nh5 14. Qe2 Qf6 15. Nh2 Nf4 16. Bxf4 Qxf4 17. Qf3 Qg5 18. Ne3 Ne7 19. g3 Rf8 20. h4 Qg6 21. h5 Qg5 22. Bxe6 fxe6 23. Qg4 Qf6 24. Re2 d5 25. Kg2 Rad8 26. Rf1 d4 27. cxd4 Rxd4 28. f4 Rxd3 29. fxe5 Qxe5 30. Nc4 Qc5 31. Qxe6+ Kh7 32. Ne3 Rxf1 33. Nhxf1 Qxh5 34. Ng4 Qg5 35. Nfh2 h5 36. Qc4 Rd4 37. Qxc7 hxg4 38. Qxb7 Rd2 39. Kf1 Rd1+ 40. Re1 Qe3 0-1

[Event "IOM Open-Masters 2017"]
[Site "Douglas"]
[Date "2017.09.25"]
[Round "3"]
[White "Vignesh, B."]
[Black "Byron, Alan M"]
[Result "1-0"]
[ECO "A00"]
[WhiteElo "2260"]
[BlackElo "2074"]
[Annotator "NA"]
[PlyCount "95"]
[EventDate "2017.??.??"]
[EventType "swiss"]
[EventCountry "GBR"]
[SourceTitle "playchess.com"]
[Source "ChessBase"]
[SourceQuality "1"]
[TimeControl "40/6000+30:20/3000+30:900+30"]

1. e4 e5 2. Nf3 Nc6 3. Bc4 Nf6 4. d3 Be7 5. c3 O-O 6. Bb3 d6 7. Nbd2 Na5 8. Bc2 c5 9. O-O Nc6 10. Re1 Re8 11. Nf1 h6 12. Ng3 Bf8 13. h3 g6 14. Be3 d5 15. Qc1 Kh7 16. Nh2 d4 17. Bd2 Bg7 18. Rf1 Be6 19. Ba4 Rc8 20. c4 Bd7 21. a3 Nb8 22. Bd1 Nc6 23. b4 b6 24. b5 Ne7 25. f4 exf4 26. Bxf4 Be6 27. Ra2 Nd7 28. Raf2 Rf8 29. Ng4 Ng8 30. Be2 Ra8 31. Bf3 h5 32. Nh2 Ne5 33. Be2 a6 34. bxa6 Rxa6 35. Nf3 Nxf3+ 36. Bxf3 Bh6 37. e5 Qh4 38. Bxh6 Nxh6 39. Ne4 Nf5 40. Bxh5 Ne3 41. Rf4 Qe7 42. Bxg6+ Kxg6 43. R1f3 Bg4 44. Rxg4+ Nxg4 45. hxg4 Rh8 46. Rf6+ Kg7 47. Qg5+ Kf8 48. Nd6 1-0

[Event "IOM Open-Masters 2017"]
[Site "Douglas"]
[Date "2017.09.25"]
[Round "3"]
[White "Mueller, Philipp"]
[Black "Prueske, Wolfgang"]
[Result "1-0"]
[ECO "A00"]
[WhiteElo "2220"]
[BlackElo "2046"]
[Annotator "NA"]
[PlyCount "125"]
[EventDate "2017.??.??"]
[EventType "swiss"]
[EventCountry "GBR"]
[SourceTitle "playchess.com"]
[Source "ChessBase"]
[SourceQuality "1"]
[TimeControl "40/6000+30:20/3000+30:900+30"]

1. c4 e5 2. g3 Nf6 3. Bg2 c6 4. Nf3 e4 5. Nd4 d5 6. d3 Bc5 7. Nb3 Bb4+ 8. Bd2 Bxd2+ 9. Qxd2 dxc4 10. dxc4 Qxd2+ 11. N1xd2 e3 12. fxe3 Ng4 13. Bh3 O-O 14. Bxg4 Bxg4 15. h3 Bh5 16. Kf2 Nd7 17. c5 Rfe8 18. Rac1 Nf6 19. Rc4 Re7 20. Nd4 Bg6 21. Ra4 a6 22. Rc1 Rae8 23. Ra3 Nd5 24. Nc4 Nf6 25. Nd6 Ne4+ 26. Nxe4 Bxe4 27. Rc4 Bd5 28. Rb4 g6 29. Nf3 h6 30. Nd2 Kg7 31. Rd4 h5 32. Nc4 Bxc4 33. Rxc4 Re5 34. Rd3 R8e7 35. g4 hxg4 36. hxg4 Kh6 37. b4 Kg5 38. Rf4 Re4 39. Rxe4 Rxe4 40. a3 a5 41. bxa5 Rc4 42. Rd7 Rxc5 43. Rxf7 Rxa5 44. Rxb7 Rxa3 45. Rc7 Rc3 46. Kf3 Rc1 47. e4 Rc3+ 48. e3 Kf6 49. Kf4 g5+ 50. Kf3 Ke6 51. Rg7 Rc5 52. Rg6+ Kf7 53. Rd6 Ke7 54. Rh6 Rc2 55. e5 c5 56. Ke4 Rg2 57. Kf5 Rf2+ 58. Kxg5 Kd7 59. Rf6 Rg2 60. Rd6+ Kc7 61. Kf5 c4 62. Rd4 Rc2 63. e6 1-0

[Event "IOM Open-Masters 2017"]
[Site "Douglas"]
[Date "2017.09.25"]
[Round "3"]
[White "Lorscheid, Gerhard"]
[Black "Birkisson, Bjorn Holm"]
[Result "1-0"]
[ECO "A00"]
[WhiteElo "2192"]
[BlackElo "2023"]
[Annotator "NA"]
[PlyCount "69"]
[EventDate "2017.??.??"]
[EventType "swiss"]
[EventCountry "GBR"]
[SourceTitle "playchess.com"]
[Source "ChessBase"]
[SourceQuality "1"]
[TimeControl "40/6000+30:20/3000+30:900+30"]

1. g3 d5 2. Bg2 Nf6 3. Nf3 c5 4. c4 d4 5. b4 cxb4 6. a3 bxa3 7. Bxa3 Nc6 8. O-O e5 9. Bxf8 Kxf8 10. d3 g6 11. Nbd2 Kg7 12. Ra3 Qc7 13. Qa1 Nd7 14. e3 Rd8 15. exd4 Nxd4 16. Nxd4 exd4 17. Nf3 Nc5 18. Nxd4 f6 19. Nb5 Qf7 20. Rxa7 Rxa7 21. Qxa7 Nxd3 22. Qb6 Rd7 23. Nd6 Qf8 24. Nxc8 Qxc8 25. Bd5 Qc7 26. Qe6 Qd8 27. Qe3 b5 28. Ra1 Re7 29. Qxd3 bxc4 30. Qxc4 Rc7 31. Qd4 Rd7 32. Ra7 Rxa7 33. Qxa7+ Kh6 34. Qf7 Qd6 35. Qe6 1-0

[Event "IOM Open-Masters 2017"]
[Site "Douglas"]
[Date "2017.09.25"]
[Round "3"]
[White "Seyfried, Claus"]
[Black "Frank, Tena"]
[Result "1-0"]
[ECO "A00"]
[WhiteElo "2173"]
[BlackElo "2002"]
[Annotator "NA"]
[PlyCount "69"]
[EventDate "2017.??.??"]
[EventType "swiss"]
[EventCountry "GBR"]
[SourceTitle "playchess.com"]
[Source "ChessBase"]
[SourceQuality "1"]
[TimeControl "40/6000+30:20/3000+30:900+30"]

1. e4 c5 2. c3 Nf6 3. e5 Nd5 4. d4 cxd4 5. Nf3 d6 6. cxd4 Nc6 7. Bc4 dxe5 8. Nxe5 e6 9. O-O Qc7 10. Bxd5 exd5 11. Re1 Be6 12. Nc3 Be7 13. Bf4 Qb6 14. Nxc6 Qxc6 15. Rc1 O-O 16. Na4 Qa6 17. Rc7 Bb4 18. Re2 Rac8 19. Rxc8 Rxc8 20. a3 Bf8 21. h3 Bf5 22. Nc3 Qc4 23. Re5 Be6 24. Re3 b5 25. Be5 b4 26. axb4 Qxb4 27. Rg3 Qxb2 28. Qf3 Qc1+ 29. Kh2 Qh6 30. Nxd5 Bxd5 31. Qxd5 Qe6 32. Qb7 a6 33. d5 Qe8 34. Qxa6 Rc5 35. Qf6 1-0

[Event "IOM Open-Masters 2017"]
[Site "Douglas"]
[Date "2017.09.25"]
[Round "3"]
[White "Coathup, Roger H"]
[Black "Pranav, V."]
[Result "0-1"]
[ECO "A00"]
[WhiteElo "2125"]
[BlackElo "2372"]
[Annotator "NA"]
[PlyCount "78"]
[EventDate "2017.??.??"]
[EventType "swiss"]
[EventCountry "GBR"]
[SourceTitle "playchess.com"]
[Source "ChessBase"]
[SourceQuality "1"]
[TimeControl "40/6000+30:20/3000+30:900+30"]

1. d4 Nf6 2. c4 e6 3. Nc3 Bb4 4. e3 O-O 5. Bd3 b6 6. Nge2 Re8 7. O-O d5 8. cxd5 exd5 9. Ng3 c6 10. f3 Bd6 11. Nf5 Bxf5 12. Bxf5 c5 13. g4 Nc6 14. Bc2 h6 15. a3 cxd4 16. exd4 Nxd4 17. Ba4 b5 18. Kg2 Qb6 19. Bb3 Nxb3 20. Qxb3 d4 21. Nd1 Qc6 22. Nf2 Re2 23. Qd3 Rae8 24. g5 Nd5 25. Qxd4 Bc5 26. Qh4 Qg6 27. Kh1 hxg5 28. Qg3 Bxf2 29. Rxf2 Re1+ 30. Kg2 Nf4+ 31. Bxf4 Rxa1 32. Bxg5 Ree1 33. Kh3 Rg1 34. Rg2 Qh5+ 35. Bh4 Qf5+ 36. Qg4 Qxg4+ 37. Rxg4 Rxg4 38. fxg4 Rb1 39. Bf2 Rxb2 0-1

[Event "IOM Open-Masters 2017"]
[Site "Douglas"]
[Date "2017.09.25"]
[Round "3"]
[White "Kavinda, Akila"]
[Black "Arjun, Kalyan"]
[Result "0-1"]
[ECO "A00"]
[WhiteElo "2099"]
[BlackElo "2406"]
[Annotator "ChessBase"]
[PlyCount "60"]
[EventDate "2017.??.??"]
[EventType "swiss"]
[EventCountry "GBR"]
[SourceTitle "playchess.com"]
[Source "ChessBase"]
[SourceQuality "1"]
[TimeControl "40/6000+30:20/3000+30:900+30"]

1. Nf3 d5 2. e3 Nf6 3. c4 c6 4. Nc3 e6 5. b3 Bd6 6. Bb2 O-O 7. Qc2 e5 8. cxd5 cxd5 9. Nb5 Nc6 10. Nxd6 Qxd6 11. d4 Nb4 12. Qd1 Qc7 13. dxe5 Nc2+ 14. Ke2 Nxa1 15. exf6 Nc2 16. Qd2 Bf5 17. Nh4 Bg4+ 18. f3 Rfe8 19. Kf2 Bd7 20. Qxd5 Nxe3 21. Qd4 Qc2+ 22. Kg3 g5 23. Bd3 gxh4+ 24. Kxh4 Nf5+ 25. Bxf5 Qxf5 26. Rd1 Bc6 27. g4 Qxf3 28. Rd3 Re4 29. Rxf3 Rxd4 30. Rf5 Rd5 0-1

[Event "IOM Open-Masters 2017"]
[Site "Douglas"]
[Date "2017.09.25"]
[Round "3"]
[White "Kruse, Janik"]
[Black "Yoo, Christopher Woojin"]
[Result "0-1"]
[ECO "A00"]
[WhiteElo "2096"]
[BlackElo "2254"]
[Annotator "NA"]
[PlyCount "98"]
[EventDate "2017.??.??"]
[EventType "swiss"]
[EventCountry "GBR"]
[SourceTitle "playchess.com"]
[Source "ChessBase"]
[SourceQuality "1"]
[TimeControl "40/6000+30:20/3000+30:900+30"]

1. e4 c5 2. Nf3 d6 3. Bb5+ Nd7 4. d4 cxd4 5. Qxd4 a6 6. Bxd7+ Bxd7 7. c4 e5 8. Qd3 b5 9. Nc3 bxc4 10. Qxc4 h6 11. O-O Nf6 12. Rd1 Be7 13. b4 O-O 14. a4 Rc8 15. Qd3 Qc7 16. Nd5 Nxd5 17. Qxd5 Bc6 18. Qd3 Qb7 19. Re1 f5 20. Nd2 fxe4 21. Nxe4 Qxb4 22. Ba3 Bxe4 23. Rxe4 Qc3 24. Qxc3 Rxc3 25. Re2 Rf4 26. Bb2 Rb3 27. g3 Rfb4 28. Ra2 Kf7 29. Kg2 Rc4 30. Ba1 Rbb4 31. a5 Rc5 32. Ra3 Bf6 33. Rd3 Rxa5 34. Bc3 Rb3 35. Bxa5 Rxd3 36. Ra2 d5 37. Bb6 d4 38. Rxa6 e4 39. Ba7 Rb3 40. Rd6 d3 41. f3 Bc3 42. Be3 d2 43. Kf2 Bb4 44. Rd7+ Ke6 45. Rd4 Bc5 46. Rxe4+ Kd5 47. Ke2 Bxe3 48. Re7 Rb1 49. Rd7+ Ke6 0-1

[Event "IOM Open-Masters 2017"]
[Site "Douglas"]
[Date "2017.09.25"]
[Round "3"]
[White "Thilakarathne, G M H"]
[Black "Loos, Roland"]
[Result "1/2-1/2"]
[ECO "A00"]
[WhiteElo "2053"]
[BlackElo "2393"]
[Annotator "NA"]
[PlyCount "82"]
[EventDate "2017.??.??"]
[EventType "swiss"]
[EventCountry "GBR"]
[SourceTitle "playchess.com"]
[Source "ChessBase"]
[SourceQuality "1"]
[TimeControl "40/6000+30:20/3000+30:900+30"]

1. e4 c6 2. d4 d5 3. e5 c5 4. dxc5 Nc6 5. Nf3 Bg4 6. c3 e6 7. Be3 Bxf3 8. Qxf3 Qc7 9. Bb5 Qxe5 10. O-O Nf6 11. Nd2 Be7 12. Nc4 Qe4 13. Na5 a6 14. Bxc6+ bxc6 15. Nxc6 Qxf3 16. gxf3 Bxc5 17. Bxc5 Rc8 18. Nb4 Rxc5 19. Nxa6 Rc4 20. Rfd1 Ke7 21. Nb4 Rb8 22. Nd3 Kd6 23. Rd2 Ra4 24. a3 g5 25. Re1 Nd7 26. Kg2 Rg8 27. h3 h5 28. Re3 Rb8 29. Nb4 Rc8 30. Nd3 Rh4 31. Rde2 Rb8 32. Kg3 Rc4 33. Kg2 Rb5 34. Rd2 Rb8 35. Nb4 Rbc8 36. Nd3 R8c7 37. Rde2 Rb7 38. Rd2 Rb5 39. Nb4 Ne5 40. b3 Rh4 41. c4 Rc5 1/2-1/2

[Event "IOM Open-Masters 2017"]
[Site "Douglas"]
[Date "2017.09.25"]
[Round "3"]
[White "Harari, Zaki"]
[Black "Arakhamia-Grant, Ketevan"]
[Result "1-0"]
[ECO "A00"]
[WhiteElo "2027"]
[BlackElo "2369"]
[Annotator "NA"]
[PlyCount "125"]
[EventDate "2017.??.??"]
[EventType "swiss"]
[EventCountry "GBR"]
[SourceTitle "playchess.com"]
[Source "ChessBase"]
[SourceQuality "1"]
[TimeControl "40/6000+30:20/3000+30:900+30"]

1. e4 c5 2. d4 cxd4 3. c3 d3 4. Bxd3 d6 5. Nf3 Nf6 6. h3 e6 7. c4 Nbd7 8. Nc3 a6 9. O-O Be7 10. Bf4 Qc7 11. Qe2 Ne5 12. Rfd1 b6 13. Rac1 O-O 14. b3 Bb7 15. Bb1 Rac8 16. Nd4 Rfe8 17. Be3 Qb8 18. f4 Ned7 19. Bf2 Bf8 20. Nf3 g6 21. Bh4 d5 22. e5 Nh5 23. Qd2 Nc5 24. cxd5 exd5 25. g4 Ne4 26. Nxe4 dxe4 27. Ng5 Rcd8 28. Qh2 Bc5+ 29. Kf1 Rxd1+ 30. Rxd1 Rd8 31. Rxd8+ Qxd8 32. Bc2 Ng7 33. Be1 Qd4 34. Qd2 Qxd2 35. Bxd2 e3 36. Bc1 a5 37. Ke2 h6 38. Ne4 Bd4 39. Nf6+ Kh8 40. Bxe3 Ne6 41. Bd3 g5 42. Bxd4 Nxd4+ 43. Ke3 Ne6 44. f5 Nc5 45. Bc4 Kg7 46. Ne8+ Kf8 47. Nd6 Bg2 48. Bxf7 Bxh3 49. Bh5 Nd7 50. Kd4 Ke7 51. Nc4 Bg2 52. Ne3 Bc6 53. Nd5+ Kd8 54. Bg6 b5 55. f6 Nf8 56. Bf5 Bd7 57. Nc3 b4 58. Ne4 Ne6+ 59. Kd5 Nc7+ 60. Kc5 a4 61. bxa4 Bxa4 62. e6 Nxe6+ 63. Bxe6 1-0

[Event "IOM Open-Masters 2017"]
[Site "Douglas"]
[Date "2017.09.25"]
[Round "3"]
[White "Jonsson, Gauti Pall"]
[Black "Osmanodja, Filiz"]
[Result "1-0"]
[ECO "A00"]
[WhiteElo "2011"]
[BlackElo "2245"]
[Annotator "NA"]
[PlyCount "67"]
[EventDate "2017.??.??"]
[EventType "swiss"]
[EventCountry "GBR"]
[SourceTitle "playchess.com"]
[Source "ChessBase"]
[SourceQuality "1"]
[TimeControl "40/6000+30:20/3000+30:900+30"]

1. e4 c5 2. Nc3 d6 3. f4 g6 4. Nf3 Bg7 5. Bb5+ Nc6 6. Bxc6+ bxc6 7. O-O e6 8. Qe1 Ne7 9. d3 O-O 10. Qh4 f5 11. Bd2 Rb8 12. b3 Qd7 13. Rae1 Ba6 14. g4 fxg4 15. Qxg4 Bc8 16. Nh4 e5 17. f5 d5 18. Qg2 gxf5 19. Bh6 Rf7 20. Nxf5 Nxf5 21. Rxf5 Rb7 22. Rxe5 Kh8 23. Rg5 Qd8 24. Bxg7+ Rxg7 25. Rg3 Rxg3 26. hxg3 Qa5 27. Qf2 Kg7 28. Rf1 Qxc3 29. Qf8+ Kg6 30. Qxc8 Rf7 31. Qg4+ Kh6 32. Rxf7 Qe1+ 33. Kg2 Qd2+ 34. Kh3 1-0